 Dungeon Crawl Stone Soup version 0.29.1-1-gd02db6906a (webtiles) character file.

Game seed: 15162100119242376975

58 Hadkhar the Trooper (level 4, -1/37 HPs)
             Began as a Barachi Fighter on Sept 27, 2022.
             Slain by Natasha (3 damage)
             ... on level 3 of the Dungeon.
             The game lasted 00:07:37 (2450 turns).

Hadkhar the Trooper (Barachi Fighter)               Turns: 2450, Time: 00:07:37

Health: -1/37      AC: 10    Str: 18    XL:     4   Next: 2%
Magic:  4/4        EV: 10    Int:  8    God:
Gold:   218        SH:  5    Dex: 13    Spells: 3/3 levels left

rFire   . . .      SeeInvis .   a - +0 long sword
rCold   + . .      Faith    .   c - +0 buckler
rNeg    . . .      Spirit   .   o - +2 ring mail {rC+}
rPois   .          Reflect  .   t - +0 helmet
rElec   .          Harm     .   (no cloak)
rCorr   .          Rampage  .   h - +0 pair of gloves
Will    .....                   (no boots)
Stlth   +.........              (no amulet)
HPRegen 0.12/turn               (no ring)
MPRegen 0.09/turn               (no ring)

@: mighty, slow
A: amphibious, slowness 1, strong legs 1, +LOS
a: Hop


You were on level 3 of the Dungeon.
You visited 1 branch of the dungeon, and saw 3 of its levels.

You collected 218 gold pieces.

Inventory:

Hand Weapons
 a - a +0 long sword (weapon)
Missiles
 l - 3 poisoned darts (quivered)
Armour
 c - a +0 buckler (worn)
 h - a +0 pair of gloves (worn)
 o - a +2 ring mail of cold resistance (worn)
 t - a +0 helmet (worn)
Scrolls
 e - a scroll of enchant armour {unknown}
 g - 2 scrolls of amnesia {unknown}
 i - a scroll of magic mapping {unknown}
 j - a scroll of blinking {unknown}
 k - 3 scrolls of identify {unknown}
 m - 2 scrolls of teleportation {unknown}
 q - 2 scrolls of poison {unknown}
 s - a scroll of noise {unknown}
Potions
 b - a potion of haste {unknown}
 f - a potion of attraction {unknown}
 n - a potion of curing {unknown}
 p - a potion of mutation {unknown}
 r - 2 potions of invisibility


   Skills:
 + Level 4.3 Fighting
 + Level 3.2 Long Blades
 + Level 4.2 Armour
 + Level 3.8 Shields


You had 3 spell levels left.
You didn't know any spells.
Your spell library was empty.

Dungeon Overview and Level Annotations

Branches:
Dungeon (3/15)

Altars:

Annotations:
D:3 1 transporter, Natasha; mpzz's ghost, amateur BaIE


Innate Abilities, Weirdness & Mutations

You are amphibious.
You cover ground slowly.
You can hop short distances.
You have an extended range of vision and can be seen from far away.


Message History

Deactivating autopickup; reactivate with Ctrl-A.
The kobold hits you but does no damage.
You barely miss the kobold. Something claws you. You block the kobold's attack.
You slash the kobold!
You kill the kobold!
Something claws you but does no damage. You block something's attack.
You have reached level 4!
You feel stronger. Something claws you but does no damage.
Something claws you but does no damage.
You see here a +0 long sword.
You closely miss something. Something claws you.
You barely miss something. Something claws you but does no damage.
You hit something.
You hear some strange, mumbled words.
A magic dart appears from out of thin air!
The magic dart hits you but does no damage.
Something claws you but does no damage.
You closely miss something. Something claws you.
You slash something! Something claws you.
You miss something.
You hear some strange, mumbled words.
A magic dart appears from out of thin air!
The magic dart hits you.
A giant cockroach comes into view.
Something claws you.
You closely miss something. Something claws you.
* * * LOW HITPOINT WARNING * * *
You barely miss something. Something claws you but does no damage.
You feel very mighty all of a sudden. You block something's attack.
You block the giant cockroach's attack.
Unknown command.
You slash the giant cockroach!
You kill the giant cockroach!
You hear some strange, mumbled words.
Something tries to affect you, but you resist.
You barely miss something. Something claws you!
* * * LOW HITPOINT WARNING * * *
Something claws you.
You die...

### . ## ..#. .# # ##.
###..#####.###.. ..
#..........#... ..
#............#
.#####............ .
..##...........# .
#.##......)....# ..
#.##.......{@..##
..###.##.................
...)>..†.......#...####..
.....<†#..............
...............#.......
..##..........#.....##.#
................##..# ..
.....#.##.#.#........ .
..#....##...#...#?.#..


There were no monsters in sight!

Vanquished Creatures
  2 adders (D:2)
  5 bats
  8 endoplasms
  2 giant cockroaches
  3 goblins
  3 hobgoblins (D:1)
  3 kobolds
  6 ball pythons
  2 frilled lizards (D:2)
  6 rats
40 creatures vanquished.

Notes
Turn   | Place    | Note
-------+----------+-------------------------------------------
     0 | D:1      | Hadkhar the Barachi Fighter began the quest for the Orb.
     0 | D:1      | Reached XP level 1. HP: 18/18 MP: 1/1
   301 | D:1      | Found a faded altar of an unknown god.
   548 | D:1      | Reached XP level 2. HP: 25/25 MP: 2/2
  1315 | D:2      | Reached XP level 3. HP: 30/30 MP: 3/3
  2409 | D:3      | Noticed mpzz's ghost (amateur BaIE)
  2409 | D:3      | Noticed an ogre
  2410 | D:3      | Found a transporter.
  2410 | D:3      | Noticed an ogre
  2410 | D:3      | Noticed an ogre
  2431 | D:3      | Noticed Natasha
  2437 | D:3      | Reached XP level 4. HP: 30/37 MP: 4/4
  2450 | D:3      | Slain by Natasha

Illustrated notes

Levels and vault maps discovered:
D:1:      ncdulo_halloftheorcs, layout_loops_corners,
          shapermc_ecumenical_altar_pompeii, minmay_cut_off
D:2:      layout_basic, wander_ebering_terrifying_dragon_lair
D:3:      layout_rooms, gammafunk_ghost_smash, kennysheep_nub, hex_large,
          uniq_natasha, uniq_ijyb

Skill      XL: |  1  2 |
---------------+-------+-----
Armour         | 4 |  4.2
Fighting       | 4 |  4.3
Long Blades    | 3 |  3.2
Shields        | |  3.8

Action                   |  1- 3 |  4- 6 || total
-------------------------+-------+-------++-------
Melee: Long sword        |   101 |    10 ||   111
  Use: Potion            |       |     1 ||     1
Armor: Scale mail        |    39 |       ||    39
       Ring mail         |    43 |     6 ||    49
Dodge: Dodged            |    52 |       ||    52
Block: Buckler           |    39 |     2 ||    41
